 Dungeon Crawl Stone Soup version 0.32-a0-576-g706899e69d (webtiles) character file.

Game seed: 14498622861957292444

2 Aldia the Sneak (level 1, 0/13 HPs)
             Began as a Vampire Enchanter on Mar 1, 2024.
             Slain by a quokka (4 damage)
             ... on level 1 of the Dungeon.
             The game lasted 00:00:26 (118 turns).

Aldia the Sneak (Vampire Enchanter)                  Turns: 118, Time: 00:00:27

Health: 0/13       AC:  2    Str:  7    XL:     1   Next: 33%
Magic:  3/3        EV: 12    Int: 17    God:
Gold:   14         SH:  0    Dex: 14    Spells: 4/4 levels left

rFire   . . .        a - +1 dagger
rCold   . . .        (no shield)
rNeg    . . .        b - +0 robe
rPois   .            (no helmet)
rElec   .            (no cloak)
rCorr   .            (no gloves)
SInv    +            (no boots)
Will    .....        (no amulet)
Stlth   +++          (no ring)
HPRegen 0.42/turn    (no ring)
MPRegen 0.08/turn

%: no passive effects
@: healing quickly
A: alive, fangs 3, see invisible, vampiric 1
a: Exsanguinate


You were on level 1 of the Dungeon.
You visited 1 branch of the dungeon, and saw 1 of its levels.

You collected 14 gold pieces.

Inventory:

Hand Weapons
 a - a +1 dagger (weapon)
Missiles
 d - 4 curare-tipped darts (quivered)
Armour
 b - a +0 robe (worn)
Scrolls
 e - a scroll of blinking {unknown}
 f - a scroll of fog {unknown}
Potions
 c - 2 potions of invisibility


   Skills:
 * Level 1.2 Short Blades
 - Level 2.1 Dodging
 * Level 4.5 Stealth
 - Level 2.0 Spellcasting
 + Level 4.4 Hexes


You had 4 spell levels left.
You didn't know any spells.
Your spell library contained the following spells:

 Spells                   Type           Power      Damage    Failure   Level
 Confusing Touch          Hex            16%        N/A       10%         3
 Tukima's Dance           Hex            16%        N/A       10%         3
 Ensorcelled Hibernation  Hex/Ice        18%        N/A       12%         2
 Dazzling Flash           Conj/Hex       18%        N/A       24%         3


Dungeon Overview and Level Annotations

Branches:
Dungeon (1/15)

Altars:


Innate Abilities, Weirdness & Mutations

Your natural rate of healing is accelerated.
You have razor-sharp teeth.
You have supernaturally acute eyesight. (SInv)
You are afflicted with vampirism.


Message History

No target in view!
You now have 14 gold pieces (gained 4).
Found a robe.
f - a scroll labelled VITHRUSTRO ANUS A rat comes into view.
A rat is nearby!
A quokka comes into view.
Found a stone staircase leading down.
The helpless rat fails to defend itself.
You impale the rat!!
You kill the rat!
The quokka bites you.
You hit the quokka.
The quokka is lightly wounded.
The quokka bites you.
You hit the quokka but do no damage. Your bite misses the quokka.
The quokka is lightly wounded.
The quokka closely misses you.
You miss the quokka.
The quokka is lightly wounded.
The quokka barely misses you.
You hit the quokka.
The quokka is moderately wounded.
The quokka misses you.
You closely miss the quokka. You bite the quokka.
The quokka is moderately wounded.
The quokka bites you. x2
* * * LOW HITPOINT WARNING * * *
You are too injured to fight recklessly!
You are too injured to fight recklessly!
You closely miss the quokka.
The quokka is moderately wounded.
The quokka closely misses you.
You barely miss the quokka.
The quokka is moderately wounded.
The quokka barely misses you.
You closely miss the quokka. You bite the quokka, but do no damage.
The quokka is moderately wounded.
The quokka bites you.
You die...

#.##......###........
#[....##### ##.#####.
####.## #+# #. #.# #.
#.# #. ##.## #.
##...#### ...
#.†.....+ ....
##.@..### (.## ##r..#
#...# .>.... .......
........# ##...#.##
#...#.#


You could see a quokka.

Vanquished Creatures
  A goblin (D:1)
  A frilled lizard (D:1)
  A rat (D:1)
3 creatures vanquished.

Notes
Turn   | Place    | Note
-------+----------+-------------------------------------------
     0 | D:1      | Aldia the Vampire Enchanter began the quest for the Orb.
     0 | D:1      | Reached XP level 1. HP: 13/13 MP: 3/3
   118 | D:1      | Slain by a quokka

Illustrated notes

Levels and vault maps discovered:
D:1:      onia_arrival_pentagram, layout_loops_corners

Action                     || total
---------------------------++-------
  Melee: Dagger            ||    11
         Bite              ||     2
   Stab: Sleeping          ||     2
 Armour: Robe              ||     5
  Dodge: Dodged            ||     5

Table legend: (Time is in decaauts)
 A = Elapsed time spent in this place.
 B = Non-inter-level travel time spent in this place.
 C = Inter-level travel time spent in this place.
 D = Time resting spent in this place.
 E = Time spent auto-exploring this place.
 F = Levels seen in this place.
 G = Mean time per level.
                   A        B        C        D        E       F      G
               +--------+--------+--------+--------+--------+-----+--------+
         Total |    117 |    117 |      0 |      0 |     78 |   1 |  117.0 |
       Dungeon |    117 |    117 |      0 |      0 |     78 |   1 |  117.0 |
               +--------+--------+--------+--------+--------+-----+--------+

Top non-repeatable levels by time:
     D:1: 117 daAuts
